 Dungeon Crawl Stone Soup version 0.23.2-33-g5129a83184 (webtiles) character file.

Game seed: 16718566571805399725

28345 troglodite the Thaumaturge (level 13, -1/151 HPs)
             Began as a Gnoll Skald on July 5, 2019.
             Was a High Priest of Wu Jian.
             Slain by an orc knight
             ... wielding a +0 dire flail
              (22 damage)
             ... on level 1 of the Orcish Mines on July 6, 2019.
             The game lasted 00:59:23 (13669 turns).

troglodite the Thaumaturge (Gnoll Skald)           Turns: 13669, Time: 00:59:25

Health: -1/151     AC: 24    Str: 21    XL:     13   Next: 38%
Magic:  26/26      EV: 13    Int: 19    God:    Wu Jian [*****.]
Gold:   1397       SH:  6    Dex: 16    Spells: 17/31 levels left

rFire    + . .     SeeInvis +   u - +9 spear "Dragon's Regret" {freeze, *Rage MR+ Str+2}
rCold    . . .     Gourm    .   m - +0 buckler
rNeg     + . .     Faith    +   N - +1 chain mail "Damaw" {rF+ rN+ Regen+ Stlth+} (curse)
rPois    .         Spirit   .   G - +2 hat {SInv}
rElec    +         Reflect  .   x - +2 cloak {+Inv}
rCorr    +         Harm     .   f - +2 pair of gloves
MR       +....     Rnd*Rage +   a - +2 pair of boots
Stlth    ..........             O - amulet of faith
HPRegen  0.75/turn              Q - ring of Kurpheiz {rCorr rElec}
MPRegen  0.20/turn              n - ring of wizardry

@: berserking (expiring), very quick
A: distributed training, fangs 1, strong nose
a: Wall Jump, Serpent's Lash, Heavenly Storm, Renounce Religion, Evoke
Invisibility


You were on level 1 of the Orcish Mines.
You worshipped Wu Jian.
Wu Jian was extremely pleased with you.
You were not hungry.

You visited 3 branches of the dungeon, and saw 15 of its levels.
You also visited: Sewer.

You collected 1397 gold pieces.

Inventory:

Hand Weapons
 u - the +9 spear "Dragon's Regret" (weapon) {freeze, *Rage MR+ Str+2}
   (You found it on level 4 of the Dungeon)

   It has been specially enchanted to freeze those struck by it, causing extra
   injury to most foes and up to half again as much damage against particularly
   susceptible opponents.
   It can also slow down cold-blooded creatures.
   It affects your strength (+2).
   It affects your resistance to hostile enchantments.
   It may make you go berserk in combat.
 K - a +5 scimitar of flaming
 R - the +9 staff of Olgreb {rPois}
   (You found it on level 1 of the Orcish Mines)

   It protects you from poison.
Armour
 a - a +2 pair of boots (worn)
 f - a +2 pair of gloves (worn)
 l - a cursed +0 chain mail
 m - a +0 buckler (worn)
 x - a +2 cloak of invisibility (worn)
 B - a +4 chain mail of cold resistance
 G - a +2 hat of see invisible (worn)
 N - the cursed +1 chain mail "Damaw" (worn) {rF+ rN+ Regen+ Stlth+}
   (You found it on level 12 of the Dungeon)

   It protects you from fire.
   It protects you from negative energy.
   It increases your rate of regeneration.
   It makes you more stealthy.
   It has a curse placed upon it.
Jewellery
 n - a ring of wizardry (right hand)
 M - an uncursed ring of ice
 O - an amulet of faith (around neck)
 Q - the ring of Kurpheiz (left hand) {rCorr rElec}
   (You found it on level 1 of the Orcish Mines)

   [ring of resist corrosion]

   It insulates you from electricity.
Wands
 r - a wand of random effects (18)
 y - a wand of iceblast (10)
 A - a wand of digging (2)
 E - a wand of paralysis (3)
 F - a wand of scattershot (6)
Scrolls
 c - a scroll of fear {unknown}
 h - a scroll of magic mapping {unknown}
 p - a scroll of fog
 s - 3 scrolls of amnesia
 t - 11 scrolls of teleportation
 D - 8 scrolls of remove curse
 P - a scroll of vulnerability {unknown}
Potions
 e - a potion of agility
 g - 3 potions of magic
 i - 4 potions of haste
 j - 2 potions of cancellation
 k - 6 potions of curing
 o - a potion of berserk rage
 z - 5 potions of heal wounds
 C - 2 potions of mutation
 H - a potion of might
 I - a potion of flight
 J - a potion of lignification
Comestibles
 d - 23 rations


   Skills:
 + Level 9.3 Fighting
 + Level 8.1 Short Blades
 + Level 8.1 Long Blades
 + Level 8.1 Axes
 + Level 8.1 Maces & Flails
 + Level 9.3 Polearms
 + Level 8.1 Staves
 + Level 8.1 Slings
 + Level 8.1 Bows
 + Level 8.1 Crossbows
 + Level 8.1 Throwing
 + Level 8.5 Armour
 + Level 9.3 Dodging
 + Level 8.1 Stealth
 + Level 8.1 Shields
 + Level 8.1 Unarmed Combat
 + Level 9.5 Spellcasting
 + Level 6.7 Conjurations
 + Level 6.7 Hexes
 + Level 8.8 Charms
 + Level 6.7 Summonings
 + Level 6.7 Necromancy
 + Level 6.7 Translocations
 + Level 6.7 Transmutations
 + Level 6.7 Fire Magic
 + Level 6.7 Ice Magic
 + Level 6.7 Air Magic
 + Level 6.7 Earth Magic
 + Level 6.7 Poison Magic
 + Level 8.9 Invocations
 + Level 8.1 Evocations


You had 17 spell levels left.
You knew the following spells:

 Your Spells              Type           Power        Failure   Level  Hunger
a - Infusion              Chrm           ####         1%          1    None
b - Spectral Weapon       Hex/Chrm       #####...     2%          3    None
c - Regeneration          Chrm/Necr      #####.....   2%          3    None
d - Magic Dart            Conj           ####         1%          1    None
e - Blink                 Tloc           N/A          2%          2    None
f - Sting                 Conj/Pois      ####         1%          1    None
g - Mephitic Cloud        Conj/Pois/Air  ####....     4%          3    None

Your spell library contained the following spells:

 Spells                   Type           Power        Failure   Level  Hunger
 Shroud of Golubria       Chrm/Tloc      #####.....   1%          2    None
 Song of Slaying          Chrm           #####...     1%          2    None
 Call Imp                 Summ           ####....     2%          2    None
 Slow                     Hex            ####....     2%          2    None
 Conjure Flame            Conj/Fire      ####....     4%          3    None
 Cause Fear               Hex            ####......   14%         4    ###....
 Ice Form                 Ice/Tmut       ####....     14%         4    ###....
 Metabolic Englaciation   Hex/Ice        ####......   34%         5    #####..
 Silence                  Hex/Air        ####......   34%         5    #####..
 Yara's Violent Unravell  Hex/Tmut       ####......   34%         5    #####..
 Deflect Missiles         Chrm/Air       #####.....   77%         6    ######.
 Bolt of Cold             Conj/Ice       ####......   88%         6    ######.
 Freezing Cloud           Conj/Ice/Air   ####......   88%         6    ######.
 Ozocubu's Refrigeration  Ice            ####......   88%         6    ######.
 Simulacrum               Ice/Necr       ####......   88%         6    ######.
 Malign Gateway           Summ/Tloc      ####......   100%        7    #######
 Monstrous Menagerie      Summ           ####......   100%        7    #######
 Summon Greater Demon     Summ           ####......   100%        7    #######
 Discord                  Hex            ####......   100%        8    #######
 Summon Horrible Things   Summ           ####......   100%        8    #######


Dungeon Overview and Level Annotations

Branches:
Dungeon (12/15)            Temple (1/1) D:7            Lair (0/6) D:11
    Orc (2/2) D:10
    Elf: Orc:2

Altars:
Ashenzari
Cheibriados
Dithmenos
Elyvilon
Fedhas
Gozag
Hepliaklqana
Kikubaaqudgha
Makhleb
Nemelex Xobeh
Okawaru
Qazlal
Ru
Sif Muna
Trog
Uskayaw
Vehumet
Wu Jian
Xom
Yredelemnul
Zin
The Shining One

Shops:
D:11 %

Portals:
Trove: D:12 (show abyssal rune of Zot)


Innate Abilities, Weirdness & Mutations

Your experience applies equally to all skills.
You have very sharp teeth.
Your uncanny sense of smell can sniff out nearby items.


Message History

Aiming: Wall Jump
Press: ? - help, Dir - move target cursor You repeatedly attack the orc knight from above.
You impale the orc knight!! You freeze the orc knight!
The orc knight is heavily wounded.
You hit the orc knight. You freeze the orc knight.
The orc knight is heavily wounded.
You puncture the orc knight! You freeze the orc knight.
The orc knight is almost dead.
You repeatedly attack the orc warlord from above.
You puncture the orc warlord! You freeze the orc warlord.
The orc warlord is heavily wounded.
You barely miss the orc warlord.
The orc warlord is heavily wounded.
You hit the orc warlord. You freeze the orc warlord.
The orc warlord is heavily wounded.
The orc warlord hits you with a +0 dire flail!!
* * * LOW HITPOINT WARNING * * *
The orc knight hits you with a +0 dire flail!!
You die...

#...####....))<#
#...#.###.[.))##
##....##)(..###
#.#...#.[#### ###......#
#.....### ####..(#[##
###.......°°###
##...).....○@o.#
#....).#.##○○o.##
###..[..[).(.....#
##..............######
##.............### #.##
#................# ##..#
##.............#### #..###
#...............# #....#
#...............#####...###


You could see an orc warlord and an orc knight.

Vanquished Creatures
  Rupert (D:12)
  Gastronok (D:9)
  2 orc warlords (Orc:1)
  Fannar (D:11)
  Harold (D:8)
  Erolcha (D:10)
  Erica (D:10)
  2 two-headed ogres
  A tengu warrior (D:11)
  Nergalle (D:11)
  3 orc knights (Orc:1)
  An ugly thing (D:12)
  2 cyclopes
  3 orc sorcerers
  An elephant (D:11)
  A tengu conjurer (D:11)
  6 trolls
  4 hippogriffs
  Sigmund (D:4)
  A spriggan (D:7)
  A wraith (D:10)
  A shadow (D:11)
  2 wyverns
  Eustachio (D:4)
  A basilisk (D:11)
  11 yaks (D:11)
  A hungry ghost (D:8)
  4 wargs
  Duvessa (D:7)
  A black bear (D:9)
  20 orc warriors
  2 sky beasts
  A necrophage (D:10)
  2 phantoms
  2 centaurs
  13 ogres
  2 crocodiles
  8 bullfrogs
  9 big kobolds
  Blork the orc (D:5)
  A water moccasin zombie (D:7)
  Dowan (D:7)
  A scorpion (D:9)
  10 killer bees
  8 howler monkeys
  3 crimson imps
  A bullfrog zombie (D:8)
  A centaur zombie (D:10)
  8 hounds
  Crazy Yiuf (D:4)
  7 orc priests
  4 bullfrog skeletons
  A centaur skeleton (D:4)
  An iguana (D:10)
  11 orc wizards
  4 worker ants
  2 killer bee zombies
  A hound zombie (D:11)
  A worker ant zombie (D:6)
  7 gnolls
  A howler monkey skeleton (D:11)
  13 adders
  2 river rats (Sewer)
  4 shadow imps
  5 oozes (Sewer)
  An adder zombie (D:9)
  8 worms
  2 dart slugs
  5 leopard geckos
  76 orcs
  4 ball pythons (Sewer)
  6 bats
  11 giant cockroaches
  7 goblins
  6 hobgoblins
  7 jackals
  7 quokkas
  8 frilled lizards
  A jackal zombie (D:3)
  13 kobolds
  A quokka skeleton (D:7)
  8 rats
389 creatures vanquished.

Vanquished Creatures (others)
  An orc priest (Orc:2)
  10 spectral weapons
11 creatures vanquished.

Grand Total: 400 creatures vanquished

Notes
Turn   | Place    | Note
-------+----------+-------------------------------------------
     0 | D:1      | troglodite the Gnoll Skald began the quest for the Orb.
     0 | D:1      | Reached XP level 1. HP: 20/20 MP: 6/6
   190 | D:1      | Reached XP level 2. HP: 26/26 MP: 7/7
   720 | D:2      | Reached XP level 3. HP: 31/31 MP: 9/9
   771 | D:2      | Reached skill level 5 in Spellcasting
   878 | D:2      | Reached skill level 1 in Invocations
  1202 | D:2      | Learned a level 3 spell: Spectral Weapon
  1206 | D:2      | Learned a level 3 spell: Regeneration
  1237 | D:2      | Reached skill level 1 in Short Blades
  1237 | D:2      | Reached skill level 1 in Long Blades
  1237 | D:2      | Reached skill level 1 in Axes
  1237 | D:2      | Reached skill level 1 in Maces & Flails
  1237 | D:2      | Reached skill level 1 in Staves
  1237 | D:2      | Reached skill level 1 in Slings
  1237 | D:2      | Reached skill level 1 in Bows
  1237 | D:2      | Reached skill level 1 in Crossbows
  1237 | D:2      | Reached skill level 1 in Throwing
  1237 | D:2      | Reached skill level 1 in Stealth
  1237 | D:2      | Reached skill level 1 in Shields
  1237 | D:2      | Reached skill level 1 in Unarmed Combat
  1237 | D:2      | Reached skill level 1 in Evocations
  1326 | D:2      | Reached XP level 4. HP: 38/38 MP: 11/11
  1425 | D:2      | Found a shadowy altar of Dithmenos.
  2029 | D:3      | Learned a level 1 spell: Magic Dart
  2032 | D:3      | Learned a level 2 spell: Blink
  2238 | D:3      | Reached skill level 1 in Conjurations
  2238 | D:3      | Reached skill level 1 in Hexes
  2238 | D:3      | Reached skill level 1 in Summonings
  2238 | D:3      | Reached skill level 1 in Necromancy
  2238 | D:3      | Reached skill level 1 in Translocations
  2238 | D:3      | Reached skill level 1 in Transmutations
  2238 | D:3      | Reached skill level 1 in Fire Magic
  2238 | D:3      | Reached skill level 1 in Ice Magic
  2238 | D:3      | Reached skill level 1 in Air Magic
  2238 | D:3      | Reached skill level 1 in Earth Magic
  2238 | D:3      | Reached skill level 1 in Poison Magic
  2468 | D:4      | Reached XP level 5. HP: 43/43 MP: 12/12
  2618 | D:4      | Reached XP level 6. HP: 41/50 MP: 13/13
  2811 | D:4      | Noticed Sigmund
  2826 | D:4      | Noticed Eustachio
  3117 | D:4      | Got a smoking spear
  3118 | D:4      | Identified the +9 spear "Dragon's Regret" {freeze, *Rage
                  | MR+ Str+2} (You found it on level 4 of the Dungeon)
  3259 | D:4      | Killed Sigmund
  3259 | D:4      | Reached skill level 5 in Fighting
  3259 | D:4      | Reached skill level 5 in Polearms
  3259 | D:4      | Reached skill level 5 in Dodging
  3259 | D:4      | Reached XP level 7. HP: 37/56 MP: 11/15
  3402 | D:4      | Killed Eustachio
  3538 | D:4      | Found a runed translucent door.
  3539 | D:4      | Noticed Crazy Yiuf
  3545 | D:4      | Killed Crazy Yiuf
  3766 | D:5      | Entered Level 5 of the Dungeon
  3816 | D:5      | Noticed Blork the orc
  3824 | D:5      | Killed Blork the orc
  3826 | D:5      | Reached XP level 8. HP: 32/63 MP: 10/16
  4514 | D:6      | Found a glowing drain.
  4519 | Sewer    | Entered a sewer
  4948 | Sewer    | Reached XP level 9. HP: 69/69 MP: 18/18
  5099 | D:6      | Found a hazy altar of Hepliaklqana.
  5231 | D:6      | Found a deep blue altar of Sif Muna.
  5809 | D:6      | You fall through a shaft!
  6042 | D:6      | Identified Sif Muna's Collected Works on Contamination
  6215 | D:7      | Reached skill level 5 in Armour
  6231 | D:7      | Noticed Duvessa
  6234 | D:7      | Noticed Dowan
  6241 | D:7      | Killed Dowan
  6246 | D:7      | Killed Duvessa
  6450 | D:7      | Found a staircase to the Ecumenical Temple.
  6463 | Temple   | Entered the Ecumenical Temple
  6606 | Temple   | Became a worshipper of the Wu Jian Council
  6818 | D:7      | Reached skill level 5 in Invocations
  7082 | D:8      | Reached XP level 10. HP: 74/77 MP: 20/20
  7151 | D:8      | Reached * piety under Wu Jian
  7326 | D:8      | Reached skill level 5 in Short Blades
  7326 | D:8      | Reached skill level 5 in Long Blades
  7326 | D:8      | Reached skill level 5 in Axes
  7326 | D:8      | Reached skill level 5 in Maces & Flails
  7326 | D:8      | Reached skill level 5 in Staves
  7326 | D:8      | Reached skill level 5 in Slings
  7326 | D:8      | Reached skill level 5 in Bows
  7326 | D:8      | Reached skill level 5 in Crossbows
  7326 | D:8      | Reached skill level 5 in Throwing
  7326 | D:8      | Reached skill level 5 in Stealth
  7326 | D:8      | Reached skill level 5 in Shields
  7326 | D:8      | Reached skill level 5 in Unarmed Combat
  7326 | D:8      | Reached skill level 5 in Evocations
  7508 | D:8      | Found a shimmering altar of Xom.
  7508 | D:8      | Found a shimmering altar of Xom.
  7508 | D:8      | Found a shimmering altar of Xom.
  7508 | D:8      | Found a shimmering altar of Xom.
  7509 | D:8      | Found a shimmering altar of Xom.
  7509 | D:8      | Found a shimmering altar of Xom.
  7509 | D:8      | Found a shimmering altar of Xom.
  7577 | D:8      | Noticed Harold
  7581 | D:8      | Paralysed by Harold for 6 turns
  7595 | D:8      | Killed Harold
  7979 | D:9      | Noticed Gastronok
  7990 | D:9      | Killed Gastronok
  7990 | D:9      | Reached XP level 11. HP: 84/84 MP: 19/22
  8826 | D:10     | Entered Level 10 of the Dungeon
  8838 | D:10     | Reached ** piety under Wu Jian
  8850 | D:10     | Noticed Erolcha
  8863 | D:10     | Killed Erolcha
  8863 | D:10     | Reached skill level 5 in Conjurations
  8863 | D:10     | Reached skill level 5 in Hexes
  8863 | D:10     | Reached skill level 5 in Summonings
  8863 | D:10     | Reached skill level 5 in Necromancy
  8863 | D:10     | Reached skill level 5 in Translocations
  8863 | D:10     | Reached skill level 5 in Transmutations
  8863 | D:10     | Reached skill level 5 in Fire Magic
  8863 | D:10     | Reached skill level 5 in Ice Magic
  8863 | D:10     | Reached skill level 5 in Air Magic
  8863 | D:10     | Reached skill level 5 in Earth Magic
  8863 | D:10     | Reached skill level 5 in Poison Magic
  8938 | D:10     | Noticed Erica
  8954 | D:10     | Killed Erica
  9054 | D:10     | Noticed a two-headed ogre
  9061 | D:10     | Killed a two-headed ogre
  9261 | D:10     | Found a staircase to the Orcish Mines.
  9356 | D:11     | Noticed Nergalle
  9365 | D:11     | Killed Nergalle
  9480 | D:11     | Found Aliyst's Food Shoppe.
  9581 | D:11     | Noticed a cyclops
  9584 | D:11     | Found a staircase to the Lair.
  9603 | D:11     | Killed a cyclops
  9611 | D:11     | Reached *** piety under Wu Jian
  9611 | D:11     | Reached XP level 12. HP: 77/93 MP: 22/24
  9844 | D:11     | Got a jewelled scale mail
  9855 | D:11     | Identified the +2 scale mail "Noloshro" {-Cast Str+7 Int+3}
                  | (You found it on level 11 of the Dungeon)
  9944 | D:11     | Noticed a tengu warrior
  9964 | D:11     | Killed a tengu warrior
 10241 | D:11     | Noticed Fannar
 10257 | D:11     | Killed Fannar
 10495 | D:12     | Noticed a two-headed ogre
 10504 | D:12     | Killed a two-headed ogre
 10992 | D:12     | Found a portal to a secret trove of treasure.
 11025 | D:12     | Noticed Rupert
 11038 | D:12     | Killed Rupert
 11392 | D:12     | Got a dazzling chain mail
 11403 | D:12     | Identified the cursed +1 chain mail "Damaw" {rF+ rN+ Regen+
                  | Stlth+} (You found it on level 12 of the Dungeon)
 11524 | Orc:1    | Entered Level 1 of the Orcish Mines
 11538 | Orc:1    | Noticed a soul eater
 11792 | Orc:1    | Noticed an orc warlord
 11837 | D:10     | Reached **** piety under Wu Jian
 12364 | Orc:1    | Reached XP level 13. HP: 101/101 MP: 22/26
 12372 | Orc:1    | Killed an orc warlord
 12646 | Orc:1    | Noticed an orc warlord
 12669 | Orc:1    | Killed an orc warlord
 12935 | Orc:1    | Found the +9 staff of Olgreb {rPois}
 12958 | Orc:1    | Got a brightly glowing granite ring
 13033 | Orc:1    | Identified the ring of Kurpheiz {rCorr rElec} (You found it
                  | on level 1 of the Orcish Mines)
 13130 | Orc:2    | Entered Level 2 of the Orcish Mines
 13163 | Orc:2    | Reached ***** piety under Wu Jian
 13244 | Orc:2    | Noticed an orc warlord
 13613 | Orc:1    | Learned a level 1 spell: Sting
 13617 | Orc:1    | Learned a level 3 spell: Mephitic Cloud
 13669 | Orc:1    | Slain by an orc knight

Skill      XL: |  1  2  3  4  5  6  7  8  9 10 11 12 13 |
---------------+----------------------------------------+-----
Spellcasting   | 5 6 7 8 9 |  9.5
Invocations    | 1 2 3 4 5 6 7 8 |  8.9
Short Blades   | 1 2 3 4 5 6 7 8 |  8.1
Long Blades    | 1 2 3 4 5 6 7 8 |  8.1
Axes           | 1 2 3 4 5 6 7 8 |  8.1
Maces & Flails | 1 2 3 4 5 6 7 8 |  8.1
Staves         | 1 2 3 4 5 6 7 8 |  8.1
Slings         | 1 2 3 4 5 6 7 8 |  8.1
Bows           | 1 2 3 4 5 6 7 8 |  8.1
Crossbows      | 1 2 3 4 5 6 7 8 |  8.1
Throwing       | 1 2 3 4 5 6 7 8 |  8.1
Stealth        | 1 2 3 4 5 6 7 8 |  8.1
Shields        | 1 2 3 4 5 6 7 8 |  8.1
Unarmed Combat | 1 2 3 4 5 6 7 8 |  8.1
Evocations     | 1 2 3 4 5 6 7 8 |  8.1
Conjurations   | 1 2 3 4 5 6 |  6.7
Hexes          | 1 2 3 4 5 6 |  6.7
Summonings     | 1 2 3 4 5 6 |  6.7
Necromancy     | 1 2 3 4 5 6 |  6.7
Translocations | 1 2 3 4 5 6 |  6.7
Transmutations | 1 2 3 4 5 6 |  6.7
Fire Magic     | 1 2 3 4 5 6 |  6.7
Ice Magic      | 1 2 3 4 5 6 |  6.7
Air Magic      | 1 2 3 4 5 6 |  6.7
Earth Magic    | 1 2 3 4 5 6 |  6.7
Poison Magic   | 1 2 3 4 5 6 |  6.7
Armour         | 3 4 5 6 7 8 |  8.5
Fighting       | 5 6 7 8 9 |  9.3
Polearms       | 5 6 7 8 9 |  9.3
Dodging        | 5 6 7 8 9 |  9.3
Charms         | 6 7 8 |  8.8

Action                   |  1- 3 |  4- 6 |  7- 9 | 10-12 | 13-15 || total
-------------------------+-------+-------+-------+-------+-------++-------
Melee: Spear             |   108 |   150 |   292 |   509 |   216 ||  1275
       Bite              |    10 |    19 |    16 |    62 |    28 ||   135
       Trident           |       |    63 |       |       |       ||    63
 Cast: Spectral Weapon   |       |     8 |    10 |    23 |    13 ||    54
       Magic Dart        |       |     1 |       |       |       ||     1
       Regeneration      |       |     2 |     3 |     7 |       ||    12
       Blink             |       |       |    15 |       |       ||    15
Invok: Lunge             |       |       |     1 |     6 |     2 ||     9
       Whirlwind         |       |       |       |    29 |    15 ||    44
 Abil: Wall Jump         |       |       |       |       |     3 ||     3
Evoke: Wand              |       |       |     1 |       |     1 ||     2
  Use: Scroll            |       |       |    14 |     6 |     5 ||    25
 Stab: Sleeping          |     2 |     2 |     2 |     7 |       ||    13
       Distracted        |       |       |       |     4 |     1 ||     5
  Eat: Chunk             |     1 |     7 |    10 |    14 |     4 ||    36
       Ration            |       |       |     1 |     2 |       ||     3
Armor: Leather armour    |    13 |     9 |       |       |       ||    22
       Ring mail         |       |    21 |     2 |       |       ||    23
       Scale mail        |       |       |    79 |    97 |       ||   176
       Chain mail        |       |       |       |    34 |    52 ||    86
Dodge: Dodged            |    55 |    94 |   103 |   178 |    81 ||   511
Block: Buckler           |    13 |    31 |    40 |    71 |    40 ||   195
